General information
- name: BNet
- type: Ladder 1vs1/FFA
- host: Battle.net
- saver: BEAR_AND
map: TurtleRock
- players: 2
- length: 25:01
- speed: Fast
- version: 1.26 W3XP
- replay type:

» download(83 KB)
Players
team 1 (loser)

»
Lord_Salmonela (
purple | 49 APM | 1232 actions | 24:56)
4 Far Seer
2 Feral Spirit
2 Chain Lighting
3 Shadow Hunter
2 Healing Wave
1 Hex
» actions
| Assign group hotkey | 24 | |
| Build / train | 67 | |
| ESC pressed | 3 | |
| Enter build submenu | 21 | |
| Enter hero's abilities submenu | 7 | |
| Give item / drop item | 1 | |
| Remove unit from queue | 1 | |
| Right click | 501 | |
| Select / deselect | 295 | |
| Select group hotkey | 231 | |
| Use ability | 80 | |
1232 total
» units
| Peon | 13 | |
| Grunt | 5 | |
| Wind Rider | 7 | |
| Demolisher | 1 | |
| Shaman | 1 | |
| Raider | 9 | |
36 total
» upgrades
| Armor | 2 | |
| Melee Weapons | 2 | |
| Ranged Weapons | 2 | |
| Shaman Training | 2 | |
| Burning Oil | 1 | |
| Spiked Barricades | 1 | |
| Envenomed Spears | 1 | |
11 total
» buildings
| Orc Burrow | 5 | |
| Altar of Storms | 1 | |
| Barracks | 1 | |
| Voodoo Lounge | 1 | |
| War Mill | 1 | |
| Stronghold | 1 | |
| Watch Tower | 6 | |
| Beastiary | 1 | |
| Great Hall | 2 | |
| Fortress | 1 | |
| Spirit Lodge | 1 | |
21 total
» build order
00:08 Orc Burrow
00:17 Altar of Storms
00:29 Barracks
01:15 Orc Burrow
02:21 Voodoo Lounge
03:31 War Mill
03:53 Stronghold
05:40 Watch Tower
05:52 Orc Burrow
07:13 Beastiary
09:13 Orc Burrow
10:24 Watch Tower
11:49 Great Hall
14:07 Fortress
14:50 Watch Tower
15:19 Spirit Lodge
16:23 Watch Tower
16:47 Orc Burrow
18:59 Great Hall
19:59 Watch Tower
20:35 Watch Tower
» items
| Healing Salve | 4 | |
| Lesser Clarity Potion | 3 | |
| Scroll of Town Portal | 1 | |
8 total
team 2 (winner)
BEAR_AND (
teal | 120 APM | 2999 actions | 25:01)
5 Blademaster
3 Wind Walk
2 Critical Strike
5 Tauren Chieftain
3 Shockwave
2 Endurance Aura
» actions
| Assign group hotkey | 16 | |
| Build / train | 86 | |
| Enter build submenu | 51 | |
| Enter hero's abilities submenu | 12 | |
| Give item / drop item | 13 | |
| Right click | 1874 | |
| Select / deselect | 566 | |
| Select group hotkey | 222 | |
| Use ability | 157 | |
2999 total
» units
| Peon | 23 | |
| Troll Witch Doctor | 2 | |
| Troll Batrider | 13 | |
38 total
» upgrades
| Spiked Barricades | 1 | |
| Ranged Weapons | 1 | |
| Witch Doctor Training | 2 | |
| Reinforced Defenses | 1 | |
| Liquid Fire | 1 | |
6 total
» buildings
| Altar of Storms | 1 | |
| Voodoo Lounge | 2 | |
| Orc Burrow | 3 | |
| War Mill | 2 | |
| Watch Tower | 36 | |
| Stronghold | 1 | |
| Fortress | 1 | |
| Spirit Lodge | 1 | |
| Beastiary | 2 | |
| Great Hall | 1 | |
50 total
» build order
00:08 Altar of Storms
00:13 Voodoo Lounge
00:19 Orc Burrow
00:37 War Mill
01:40 Voodoo Lounge
01:55 Watch Tower
02:21 Watch Tower
03:00 Watch Tower
03:02 Watch Tower
03:03 Watch Tower
03:28 Stronghold
03:48 Watch Tower
04:14 Orc Burrow
04:31 Watch Tower
05:14 Watch Tower
05:41 Watch Tower
05:44 Watch Tower
05:48 Watch Tower
07:14 Fortress
07:49 Watch Tower
07:50 Watch Tower
08:07 Orc Burrow
08:10 Spirit Lodge
08:55 Watch Tower
09:55 Watch Tower
09:56 Watch Tower
12:03 Watch Tower
12:04 Watch Tower
13:14 Beastiary
13:16 Watch Tower
13:17 Watch Tower
13:17 Watch Tower
13:18 Watch Tower
14:17 Great Hall
14:20 Watch Tower
14:21 Watch Tower
14:21 Watch Tower
14:22 Watch Tower
14:23 Watch Tower
15:33 Watch Tower
15:58 War Mill
16:43 Watch Tower
16:44 Watch Tower
19:46 Watch Tower
19:47 Watch Tower
21:29 Watch Tower
21:30 Watch Tower
21:31 Watch Tower
21:31 Watch Tower
21:35 Beastiary
» items
| Healing Salve | 8 | |
| Lesser Clarity Potion | 6 | |
| Boots of Speed | 2 | |
| Staff of Teleportation | 2 | |
| Potion of Healing | 1 | |
| Orb of Lightning | 2 | |
| Potion of Invisibility | 1 | |
22 total
Chat log
(00:58 / All) BEAR_AND: HOWDY
(00:59 / All) BEAR_AND: FROM?
(01:01 / All) BEAR_AND: NOW
(01:01 / All) BEAR_AND: ANSWER ME
(06:09 / All) BEAR_AND: where the FUCK
(06:11 / All) BEAR_AND: are you from
(06:12 / All) BEAR_AND: now
(06:14 / All) BEAR_AND: scum
(06:22 / All) BEAR_AND: you're
(06:23 / All) BEAR_AND: dead
(19:58 / All) BEAR_AND: hey
(19:59 / All) BEAR_AND: HEY
(20:00 / All) BEAR_AND: listen
(20:06 / All) BEAR_AND: i'm gonna kill all your wyvs
(20:58 / All) BEAR_AND: remember when i said i'd kill your bats?
(21:00 / All) BEAR_AND: do you like towers???????????? i hope so
(22:25 / All) BEAR_AND: quit
(22:25 / All) BEAR_AND: bow
(22:27 / All) BEAR_AND: kiss my feet
(22:28 / All) BEAR_AND: bow
(22:29 / All) BEAR_AND: bow to me
(23:15 / All) BEAR_AND: your top expo
(23:16 / All) BEAR_AND: is dead
(23:17 / All) BEAR_AND: ready?
(23:19 / All) BEAR_AND: here i come
(24:06 / All) BEAR_AND: your raider
(24:07 / All) BEAR_AND: it die
(24:07 / All) BEAR_AND: now
(24:08 / All) BEAR_AND: bywe
(24:09 / All) BEAR_AND: bye
(24:09 / All) BEAR_AND: bye
(24:11 / All) BEAR_AND: bye
(24:14 / All) BEAR_AND: fucking shitnoob
(24:19 / All) BEAR_AND: sh dead in 15 second
(24:47 / All) BEAR_AND: lol
(24:47 / All) BEAR_AND: quit
(24:48 / All) BEAR_AND: the
(24:49 / All) BEAR_AND: game
(24:51 / All) BEAR_AND: shit idiot
(24:53 / All) BEAR_AND: filth garbage
(24:55 / All) BEAR_AND: you are a toilet